 Dungeon Crawl Stone Soup version 0.20-b1-24-gb21faa7 (webtiles) character file.

494 Caillou112 the Slinger (level 7, -3/44 HPs)
             Began as a Halfling Hunter on May 25, 2017.
             Slain by a hornet zombie (4 damage)
             ... on level 5 of the Dungeon.
             The game lasted 00:06:54 (3632 turns).

Caillou112 the Slinger (Halfling Hunter)            Turns: 3632, Time: 00:06:54

Health: -3/44      AC:  3    Str: 15    XL:     7   Next: 38%
Magic:  16/16      EV: 14    Int:  9    God:
Gold:   135        SH:  0    Dex: 15    Spells: 6/6 levels left

rFire    . . .     SeeInvis .   a - +1 hunting sling
rCold    . . .     Gourm    .   (shield restricted)
rNeg     . . .     Faith    .   c - +0 leather armour
rPois    .         Spirit   .   (no helmet)
rElec    .         Reflect  .   (no cloak)
rCorr    .         Harm     .   (no gloves)
MR       .....                  (no boots)
Stlth    ++........             v - amulet of rage
Regen    0.2/turn               h - ring of magical power
MPRegen  0.2/turn               (no ring)

@: no status effects
A: mutation resistance 1
a: Evoke Berserk Rage


You were on level 5 of the Dungeon.
You were not hungry.

You visited 2 branches of the dungeon, and saw 6 of its levels.

You collected 135 gold pieces.

Inventory:

Hand Weapons
 a - a +1 hunting sling (weapon)
 b - a +0 short sword
Missiles
 d - 29 sling bullets
 i - 87 stones (quivered)
Armour
 c - a +0 leather armour (worn)
Jewellery
 h - a ring of magical power (left hand)
 v - an amulet of rage (around neck)
Wands
 y - a wand of iceblast (8/15)
Scrolls
 e - a scroll of recharging {unknown}
 j - 2 scrolls of remove curse {unknown}
 o - a scroll of random uselessness {unknown}
 p - a scroll of enchant armour {unknown}
 r - 3 scrolls of amnesia {unknown}
 t - 2 scrolls of identify {unknown}
 w - a scroll of enchant weapon {unknown}
 A - a scroll of teleportation {unknown}
Potions
 g - 2 potions of agility {unknown}
 l - 3 potions of haste {unknown}
 m - a potion of lignification {unknown}
 n - a potion of berserk rage {unknown}
 q - 2 potions of curing {unknown}
 x - 2 potions of heal wounds {unknown}
 z - a potion of might {unknown}
 B - a potion of degeneration {unknown}
Comestibles
 f - 4 bread rations
 k - 2 royal jellies
 s - 3 meat rations
 u - 3 fruits
 C - a chunk of flesh


   Skills:
 - Level 1.7 Fighting
 + Level 11.6 Slings
 - Level 2.1 Dodging
 - Level 1.1 Stealth


You had 6 spell levels left.
You didn't know any spells.

Dungeon Overview and Level Annotations

Branches:
Dungeon (5/15)             Temple (1/1) D:4

Altars:
Ashenzari
Cheibriados
Dithmenos
Elyvilon
Hepliaklqana
Kikubaaqudgha
Nemelex Xobeh
Qazlal
Ru
Sif Muna
Uskayaw
Vehumet
Xom
Yredelemnul
Zin
The Shining One


Innate Abilities, Weirdness & Mutations

You are small and have problems with some larger weapons.
You are somewhat resistant to further mutation.


Message History

The adder misses you. The hornet zombie closely misses you.
Firing (i - inventory. (,) - cycle):
i - 89 stones (quivered)
Press: ? - help, Shift-Dir - straight line, f/p - hornet zombie
Aim: a hornet zombie (moderately damaged)
You shoot a stone.
The stone closely misses the hornet zombie.
The adder bites you. The hornet zombie hits you!
* * * LOW HITPOINT WARNING * * *
Firing (i - inventory. (,) - cycle):
i - 88 stones (quivered)
Press: ? - help, Shift-Dir - straight line, f/p - hornet zombie
Aim: a hornet zombie (moderately damaged)
You shoot a stone. The stone hits the hornet zombie.
The hornet zombie is heavily damaged.
The adder closely misses you.
The hornet zombie completely misses you.
The hornet zombie hits you!
* * * LOW HITPOINT WARNING * * *
Found 4 large rocks.
The hornet zombie hits you.
You die...

.......<......(
.##.....#.(....
#.###...####.
#.###.#.#
#...!#..[
##.#(# ###
#.#.######## #
#SZ...!...
#.@###### #...#
##..# #..# ....
#..## #.(# #...


You could see an adder and a hornet zombie.

Vanquished Creatures
  2 phantoms (D:4)
  A howler monkey (D:4)
  An orc wizard (D:3)
  A bullfrog skeleton (D:4)
  A worker ant (D:4)
  A hound skeleton (D:4)
  10 adders
  An ooze (D:4)
  5 worms
  2 dart slugs
  2 leopard geckos
  5 orcs
  2 ball pythons
  9 bats
  3 giant cockroaches
  7 goblins
  11 hobgoblins
  9 kobolds
  2 quokkas
  2 frilled lizards (D:1)
  A quokka skeleton (D:4)
  7 rats
85 creatures vanquished.

Notes
Turn   | Place    | Note
-------+----------+-------------------------------------------
     0 | D:1      | Caillou112 the Halfling Hunter began the quest for the Orb.
     0 | D:1      | Reached XP level 1. HP: 14/14 MP: 1/1
     8 | D:1      | Reached skill level 6 in Slings
   108 | D:1      | Reached XP level 2. HP: 19/19 MP: 2/2
   428 | D:1      | Reached skill level 7 in Slings
   428 | D:1      | Reached XP level 3. HP: 24/24 MP: 3/3
  1230 | D:2      | Reached XP level 4. HP: 29/29 MP: 4/4
  1389 | D:2      | Reached skill level 8 in Slings
  1792 | D:2      | Reached XP level 5. HP: 34/34 MP: 5/5
  2151 | D:3      | Reached skill level 9 in Slings
  2824 | D:4      | Reached XP level 6. HP: 39/39 MP: 6/6
  2833 | D:4      | Reached skill level 10 in Slings
  2875 | D:4      | Found a staircase to the Ecumenical Temple.
  2903 | Temple   | Entered the Ecumenical Temple
  3134 | D:4      | Noticed a phantom
  3161 | D:4      | Killed a phantom
  3278 | D:4      | Noticed a phantom
  3301 | D:4      | Killed a phantom
  3301 | D:4      | Reached skill level 11 in Slings
  3301 | D:4      | Reached XP level 7. HP: 44/44 MP: 7/7
  3607 | D:5      | Entered Level 5 of the Dungeon
  3631 | D:5      | HP: 1/44 [hornet zombie (9)]
  3632 | D:5      | Slain by a hornet zombie

Skill      XL: |  1  2  3  4  5  6 |
---------------+-------------------+-----
Slings         | 6 7 8 9 11 | 11.6
Fighting       | |  1.7
Dodging        | |  2.1
Stealth        | |  1.1

Action                   |  1- 3 |  4- 6 |  7- 9 || total
-------------------------+-------+-------+-------++-------
 Fire: Hunting sling     |    88 |   214 |    49 ||   351
  Eat: Chunk             |     1 |     5 |     2 ||     8
Armor: Leather armour    |     7 |    10 |     4 ||    21
Dodge: Dodged            |    19 |    33 |    16 ||    68
